 Dungeon Crawl Stone Soup version 0.30-a0-1082-g70414cbcbb (webtiles) character file.

Game seed: 8726095617031346224

170 Papiron the Shield-Bearer (level 5, -3/47 HPs)
             Began as a Minotaur Fighter on Apr 15, 2023.
             Killed from afar by a white imp (11 damage)
             ... with a puff of frost
             ... while paralysed by Grinder
             ... on level 3 of the Dungeon.
             The game lasted 00:02:57 (2011 turns).

Papiron the Shield-Bearer (Minotaur Fighter)        Turns: 2011, Time: 00:02:58

Health: -3/47      AC:  9    Str: 23    XL:     5   Next: 25%
Magic:  4/4        EV:  2    Int:  5    God:
Gold:   148        SH:  0    Dex:  9    Spells: 4/4 levels left

rFire   . . .      SeeInvis .    a - +0 war axe (flame)
rCold   . . .      Faith    .    c - +0 buckler
rNeg    . . .      Spirit   .    b - +0 scale mail
rPois   .          Reflect  .    (helmet restricted)
rElec   .          Rampage  .    (no cloak)
rCorr   .                        (no gloves)
Will    .....                    e - +1 pair of boots Stlth
                                 (no amulet)
HPRegen 0.27/turn                (no ring)
MPRegen 0.09/turn                (no ring)

@: paralysed
A: horns 2, retaliatory headbutt
a: no special abilities


You were on level 3 of the Dungeon.
You visited 1 branch of the dungeon, and saw 3 of its levels.

You collected 148 gold pieces.

Inventory:

Hand Weapons
 a - a +0 war axe of flaming (weapon)
Armour
 b - a +0 scale mail (worn)
 c - a +0 buckler (worn)
 e - a +1 pair of boots (worn)
Potions
 f - a potion of haste {unknown}
 g - a potion of curing
 h - 3 potions of resistance


   Skills:
 + Level 4.5 Fighting
 + Level 3.6 Axes
 + Level 4.5 Armour
 + Level 2.3 Dodging
 + Level 4.5 Shields


You had 4 spell levels left.
You didn't know any spells.
Your spell library contained the following spells:

 Spells                   Type           Power      Damage    Failure   Level
 Kiss of Death            Conj/Necr      0%         2d5       86%         1
 Confusing Touch          Hex            0%         N/A       99%         3
 Dispel Undead            Necr           0%         3d6       100%        4


Dungeon Overview and Level Annotations

Branches:
Dungeon (3/15)

Altars:

Annotations:
D:3 Grinder


Innate Abilities, Weirdness & Mutations

You have a pair of horns on your head.
You reflexively headbutt those who attack you in melee.


Message History

Grinder gestures at you.
You suddenly lose the ability to move!
The white imp gestures at you. The puff of frost hits you!
The white imp hits you but does no damage.
Grinder hits you but does no damage. The white imp gestures at you.
The puff of frost hits you. Grinder hits you.
* * * LOW HITPOINT WARNING * * *
You writhe in agony.
* * * LOW HITPOINT WARNING * * *
The white imp hits you but does no damage.
Grinder hits you but does no damage.
You can move again.
You hit Grinder but do no damage. You hit the white imp.
You burn the white imp.
The white imp hits you but does no damage.
You block Grinder's attack. The white imp gestures at you.
The puff of frost hits you.
* * * LOW HITPOINT WARNING * * *
Grinder misses you.
It was a potion of curing.
You feel better. The white imp closely misses you. Grinder gestures at you.
Pain shoots through your body!
* * * LOW HITPOINT WARNING * * *
Unknown command.
You completely miss Grinder. You headbutt Grinder!
Grinder is moderately wounded.
You barely miss the white imp. The white imp gestures at you.
You block the puff of frost. Grinder gestures at you.
You suddenly lose the ability to move!
The white imp hits you but does no damage.
Grinder gestures at you.
You barely resist. The white imp gestures at you. The puff of frost hits you!
You die...

#......g. .....#
#....#### ......
#........ ####....
#.....### ......#
#.....#.. ####.....#
#.....#.# #........#
#^....#.# #.5....#
###+#.#.# #..@5..#
#.#.#.# # #......#
#.#.#..
##.#......#######.#.#.#
......................>
##.#......#######.#....
#.#......#######.##...
#....../..............
###.###.##.#####.#.###
...........# #....†..


You could see Grinder and a white imp.

Vanquished Creatures
  Natasha (thrice) (D:2)
  Robin (D:2)
  An adder (D:2)
  2 dart slugs (D:1)
  2 ball pythons
  5 bats
  5 endoplasms
  2 giant cockroaches (D:2)
  14 goblins
  5 hobgoblins
  3 quokkas
  3 frilled lizards
  5 kobolds
  25 rats
76 creatures vanquished.

Notes
Turn   | Place    | Note
-------+----------+-------------------------------------------
     0 | D:1      | Papiron the Minotaur Fighter began the quest for the Orb.
     0 | D:1      | Reached XP level 1. HP: 19/19 MP: 0/0
   260 | D:1      | Reached XP level 2. HP: 27/27 MP: 1/1
   608 | D:1      | Reached skill level 1 in Dodging
   869 | D:2      | Reached XP level 3. HP: 31/33 MP: 2/2
   899 | D:2      | Noticed Natasha
   911 | D:2      | Killed Natasha
  1058 | D:2      | Found a faded altar of an unknown god.
  1273 | D:2      | Reached XP level 4. HP: 39/40 MP: 3/3
  1361 | D:2      | Noticed Robin
  1374 | D:2      | Killed Robin
  1400 | D:2      | Noticed Natasha
  1404 | D:2      | Killed Natasha
  1405 | D:2      | Reached XP level 5. HP: 25/47 MP: 4/4
  1736 | D:2      | Noticed Natasha
  1742 | D:2      | Killed Natasha
  1991 | D:3      | Noticed Grinder
  1995 | D:3      | Paralysed by Grinder for 5 turns
  2002 | D:3      | Paralysed by Grinder for 5 turns
  2009 | D:3      | Paralysed by Grinder for 3 turns
  2011 | D:3      | Killed from afar by a white imp

Illustrated notes

Levels and vault maps discovered:
D:1:      mrwooster_arrival_statue_2, layout_loops_cross,
          minmay_misc_feat_tower, hex_medium,
          hangedman_abyss_or_decor_lesser_grid, minmay_misc_feat_iff,
          wander_ebering_terrifying_dragon_lair
D:2:      layout_loops_ring, nicolae_ecumenical_oubliette, minivault_24,
          minmay_rat_hole, uniq_natasha, uniq_robin
D:3:      layout_basic, uniq_jessica, uniq_grinder, uniq_sigmund

Skill      XL: |  1  2  3  4 |
---------------+-------------+-----
Dodging        | 1 2 |  2.3
Fighting       | 4 |  4.5
Armour         | 4 |  4.5
Shields        | 4 |  4.5
Axes           | 3 |  3.6

Action                     |  1- 3 |  4- 6 || total
---------------------------+-------+-------++-------
  Melee: War axe           |    94 |    55 ||   149
         Headbutt          |     9 |     5 ||    14
    Use: Scroll            |     1 |     4 ||     5
         Potion            |     1 |     1 ||     2
 Armour: Scale mail        |    48 |    44 ||    92
  Dodge: Dodged            |    39 |    44 ||    83
  Block: Buckler           |    27 |    23 ||    50

Table legend: (Time is in decaauts)
 A = Elapsed time spent in this place.
 B = Non-inter-level travel time spent in this place.
 C = Inter-level travel time spent in this place.
 D = Time resting spent in this place.
 E = Time spent auto-exploring this place.
 F = Levels seen in this place.
 G = Mean time per level.
                   A        B        C        D        E       F      G
               +--------+--------+--------+--------+--------+-----+--------+
         Total |   2080 |   2056 |     24 |      0 |   1630 |   3 |  693.3 |
       Dungeon |   2080 |   2056 |     24 |      0 |   1630 |   3 |  693.3 |
               +--------+--------+--------+--------+--------+-----+--------+

Top non-repeatable levels by time:
     D:2: 1104 daAuts
     D:1: 788 daAuts
     D:3: 187 daAuts
